 Dungeon Crawl Stone Soup version 0.20-a0-1009-gc986637 (webtiles) character file.

141 Denreik the Poker (level 5, -4/45 HPs)
             Began as a Formicid Chaos Knight on Apr 15, 2017.
             Killed by divine providence
             ... invoked by an orc priest
              (11 damage)
             ... on level 5 of the Dungeon.
             The game lasted 00:07:59 (2176 turns).

Denreik the Poker (Formicid Chaos Knight)           Turns: 2176, Time: 00:08:00

Health: -4/45      AC:  5    Str: 18    XL:     5   Next: 48%
Magic:  5/5        EV:  9    Int: 11    God:    Xom [*.....]
Gold:   137        SH:  9    Dex: 10    Spells: 4/4 levels left

rFire    . . .     SeeInvis +   a - +0 spear (chaos)
rCold    . . .     Gourm    .   l - +0 shield
rNeg     . . .     Faith    .   b - +2 leather armour
rPois    .         Spirit   .   (helmet unavailable)
rElec    .         Reflect  .   (no cloak)
rCorr    .         Harm     .   (no gloves)
MR       +....                  (no boots)
Stlth    +.........             (no amulet)
Regen    0.0/turn               (no ring)
MPRegen  0.1/turn               (no ring)

@: no status effects
A: permanent stasis, dig shafts and tunnels, four strong arms, antennae 3, high
mp 1, magic resistance 1, robust 1, inhibited regeneration, wild magic 1
a: Dig, Shaft Self, Renounce Religion


You were on level 5 of the Dungeon.
You worshipped Xom.
You were a special plaything of Xom.
You were near starving.

You visited 2 branches of the dungeon, and saw 7 of its levels.

You collected 137 gold pieces.

Inventory:

Hand Weapons
 a - a +0 spear of chaos (weapon)
Missiles
 f - 36 arrows
 g - 6 bolts
Armour
 b - a +2 leather armour (worn)
 l - a +0 shield (worn)
 p - a +0 leather armour
Scrolls
 e - 2 scrolls of remove curse
 i - a scroll of teleportation
 o - a scroll of fear
Comestibles
 c - 2 bread rations
 k - 5 fruits
 m - a royal jelly


   Skills:
 - Level 3.2 Fighting
 - Level 4.8 Polearms
 - Level 2.1 Armour
 - Level 0.8 Dodging
 * Level 3.4 Shields


You had 4 spell levels left.
You didn't know any spells.

Dungeon Overview and Level Annotations

Branches:
Dungeon (6/15)             Temple (1/1) D:4

Altars:
Ashenzari
Cheibriados
Elyvilon
Fedhas
Gozag
Okawaru
Qazlal
Sif Muna
Trog
Uskayaw
Vehumet
Wu Jian
Xom
Yredelemnul
Zin
The Shining One

Portals:
Ossuary: D:5


Innate Abilities, Weirdness & Mutations

You cannot be hasted, slowed, berserked, paralysed or teleported.
You can dig through walls and to a lower floor.
Your four strong arms can wield two-handed weapons with a shield.
You have a pair of large antennae on your head. (SInv)
You have an increased reservoir of magic. (+10% MP)
You are resistant to hostile enchantments. (MR+)
You are robust. (+10% HP)
You do not regenerate when monsters are visible.
Your spells are a little harder to cast, but a little more powerful.


Message History

Aim: an orc, wielding a club (purple smoke, moderately wounded)
You hit the orc. You freeze the orc.
You kill the orc!
Attack whom?
Press: ? - help, Dir - move target cursor, f - orc
Aim: an orc, wielding a mace (purple smoke)
You barely miss the orc.
The orc priest mumbles some strange prayers to Beogh against you.
Beogh smites you!
* * * LOW HITPOINT WARNING * * *
You block the orc's attack.
You feel better.
Are you sure you want to shaft yourself?
You feel quite a bit more hungry.
The orc wizard hits you but does no damage.
You begin to dig a shaft.
You continue digging a shaft.
The orc priest calls down the wrath of Beogh upon you.
Beogh smites you!
You die...
Xom chortles!

.... .... ##. #..#
#... ..###..#
#..#..# #.....#
###o...# #o o#
#@oo§..# #..o.
####(.## #....
###....## ##....
#.......#####....#
##....#...##8.o##.
#....##....##.∩.#
#...#####†..##.##
##..# ##....)..
#.## ##......


You could see an orc priest, an orc wizard (invisible) and an orc.

Vanquished Creatures
  A scorpion (D:5)
  An orc wizard (D:5)
  2 adders
  4 orcs
  2 bats
  5 giant cockroaches
  8 goblins
  4 hobgoblins
  A frilled lizard (D:1)
  A jackal zombie (D:5)
  4 kobolds
  5 rats
38 creatures vanquished.

Notes
Turn   | Place    | Note
-------+----------+-------------------------------------------
     0 | D:1      | Denreik the Formicid Chaos Knight began the quest for the Orb.
     0 | D:1      | Reached XP level 1. HP: 18/18 MP: 1/1
    32 | D:1      | XOM: silly message
   290 | D:1      | XOM: harmless Erth miscast
   294 | D:1      | Reached XP level 2. HP: 24/24 MP: 2/2
   459 | D:1      | XOM: give mutations
   459 | D:1      | Gained mutation: You are resistant to hostile enchantments. (MR+) [Xom's grace]
   459 | D:1      | Gained mutation: You are robust. (+10% HP) [Xom's grace]
   459 | D:1      | Gained mutation: You have an increased reservoir of magic. (+10% MP) [Xom's grace]
   459 | D:1      | Gained mutation: Your spells are a little harder to cast, but a little more powerful. [Xom's grace]
   466 | D:1      | You fall through a shaft!
   494 | D:2      | Reached skill level 4 in Polearms
   494 | D:2      | Reached XP level 3. HP: 26/31 MP: 3/3
   565 | D:2      | XOM: mild Air miscast
  1218 | D:3      | XOM: noise
  1459 | D:3      | XOM: butterfly on damage
  1464 | D:3      | Reached XP level 4. HP: 27/38 MP: 4/4
  1556 | D:3      | You fall through a shaft!
  1556 | D:4      | Found a staircase to the Ecumenical Temple.
  1580 | Temple   | Entered the Ecumenical Temple
  1604 | Temple   | XOM: give mutations
  1604 | Temple   | Gained mutation: You do not regenerate when monsters are visible. [Xom's mischief]
  1604 | Temple   | Gained mutation: Your spells are harder to cast, but more powerful. [Xom's mischief]
  1604 | Temple   | Lost mutation: Your spells are harder to cast, but more powerful. [Xom's mischief]
  1628 | D:5      | Entered Level 5 of the Dungeon
  1746 | D:5      | XOM: destruction
  1749 | D:5      | Found a sand-covered staircase.
  1756 | D:5      | XOM: enchant monster (bad)
  1768 | D:5      | HP: 1/38 [scorpion (1)]
  1769 | D:5      | You fall through a shaft!
  1910 | D:6      | XOM: harmless Necr miscast
  2136 | D:5      | XOM: enchant monster (good)
  2143 | D:5      | Reached XP level 5. HP: 41/45 MP: 5/5
  2173 | D:5      | HP: 1/45 [orc priest/divine providence (13)]
  2176 | D:5      | Killed from afar by an orc priest

Vault maps used:
D:1:      minmay_arrival_three_doors
D:2:      kiku_gazebo_pond_becter, first_bread, st_stairs_9, uniq_natasha
D:4:      minmay_temple_entry_glass, serial_shops, shop,
          sigmund_edmund_badplayer
D:5:      lightli_ossuary_entry_decrepit_ruins, minmay_misc_feat_five
D:6:      minitemple, nicolae_overflow_crystal_walls, serial_shops,
          nicolae_shop_crystal
Temple:   lightli_temple_of_artemis

Skill      XL: |  1  2  3  4  5 |
---------------+----------------+-----
Polearms       | 4 |  4.8
Shields        | 2 3 |  3.4
Fighting       | |  3.2
Armour         | |  2.1
Dodging        | |  0.8

Action                   |  1- 3 |  4- 6 || total
-------------------------+-------+-------++-------
Melee: Spear             |   118 |    38 ||   156
 Abil: Shaft Self        |     1 |     3 ||     4
       Dig               |       |     1 ||     1
  Use: Potion            |       |     4 ||     4
       Scroll            |       |     5 ||     5
 Stab: Paralysed         |       |     5 ||     5
  Eat: Chunk             |     2 |     1 ||     3
       Fruit             |       |     1 ||     1
Armor: Leather armour    |    20 |    12 ||    32
Dodge: Dodged            |    30 |    16 ||    46
Block: Shield            |       |     8 ||     8
